 Dungeon Crawl Stone Soup version 0.29-a0-271-gd4eb659eea (webtiles) character file.

Game seed: 2213668928786716608

90276 NobodyCares the Bludgeoner (level 15, -7/143 HPs)
             Began as a Minotaur Gladiator on Mar 6, 2022.
             Was the Champion of Qazlal.
             Mangled by an iron troll (29 damage)
             ... on level 1 of the Depths on Mar 8, 2022.
             The game lasted 00:59:37 (21963 turns).

NobodyCares the Bludgeoner (Minotaur Gladiator)    Turns: 21963, Time: 00:59:37

Health: -7/143     AC: 22    Str: 24    XL:     15   Next: 51%
Magic:  14/14      EV: 20    Int:  5    God:    Qazlal [******]
Gold:   1206       SH:  8    Dex: 14    Spells: 14/14 levels left

rFire   . . .      SeeInvis .   u - +6 great mace (freeze)
rCold   . . .      Faith    .   (shield currently unavailable)
rNeg    . . .      Spirit   .   k - +0 plate armour
rPois   .          Reflect  .   (helmet unavailable)
rElec   .          Harm     .   X - scarf {shadows}
rCorr   .          Rampage  .   m - +0 pair of gloves
Will    +....      Clarity  +   l - +1 pair of boots
Stlth   ..........              v - amulet of regeneration
HPRegen 1.13/turn               f - +4 ring of evasion
MPRegen 0.14/turn               c - +4 ring of evasion

@: protected from physical damage, repel missiles, very slow
A: horns 3, retaliatory headbutt, clarity, sense surroundings 1
a: Renounce Religion, Upheaval, Elemental Force, Disaster Area


You were on level 1 of the Depths.
You worshipped Qazlal.
Qazlal was exalted by your worship.
You visited 5 branches of the dungeon, and saw 22 of its levels.

You collected 1206 gold pieces.

Inventory:

Hand Weapons
 o - a +2 triple sword of electrocution
 u - a +6 great mace of freezing (weapon)
 y - a +5 dire flail of draining
Armour
 k - a +0 plate armour (worn)
 l - a +1 pair of boots (worn)
 m - a +0 pair of gloves (worn)
 z - a +5 ring mail of poison resistance
 X - a scarf of shadows (worn)
Jewellery
 c - a +4 ring of evasion (right hand)
 f - a +4 ring of evasion (left hand)
 p - an amulet of guardian spirit
 r - a ring of wizardry
 v - an amulet of regeneration (around neck)
 R - an amulet of reflection
Wands
 h - a wand of mindburst (3)
 q - a wand of charming (9)
 x - a wand of polymorph (16)
 B - a wand of iceblast (20)
 C - a wand of acid (10)
 M - a wand of paralysis (6)
 P - a wand of flame (7)
 T - a wand of digging (14)
Scrolls
 a - a scroll of holy word
 e - a scroll of identify
 s - 9 scrolls of magic mapping
 t - 2 scrolls of blinking
 w - a scroll of enchant weapon
 E - a scroll of teleportation
 H - 2 scrolls of immolation
 I - a scroll of silence {unknown}
 U - 2 scrolls of fog {unknown}
 W - a scroll of fear
 Z - 3 scrolls of amnesia
Potions
 d - a potion of ambrosia {unknown}
 g - 4 potions of might
 i - 4 potions of mutation
 j - 5 potions of curing
 n - a potion of haste {unknown}
 D - a potion of resistance {unknown}
 F - a potion of berserk rage
 G - a potion of magic {unknown}
 K - a potion of cancellation {unknown}
 L - a potion of flight
 S - a potion of brilliance {unknown}
Miscellaneous
 b - a phial of floods
 O - a phial of floods
 Q - a box of beasts
 Y - a phial of floods


   Skills:
 + Level 15.8 Fighting
 - Level 6.7(14.7) Axes
 - Level 19.6(20.0) Maces & Flails
 - Level 5.3(6.9) Polearms
 + Level 2.1 Throwing
 + Level 11.5 Armour
 + Level 12.0 Dodging
 + Level 3.0 Stealth
 + Level 11.3 Shields
 + Level 1.3 Evocations


You had 14 spell levels left.
You didn't know any spells.
Your spell library contained the following spells:

 Spells                   Type           Power      Damage    Failure   Level
 Foxfire                  Conj/Fire      0%         2x1d4     99%         1
 Pain                     Necr           0%         1d4       99%         1
 Slow                     Hex            0%         N/A       99%         1
 Blink                    Tloc           0%         N/A       100%        2
 Confusing Touch          Hex            0%         N/A       100%        3
 Conjure Flame            Conj/Fire      0%         6-21      100%        3
 Frozen Ramparts          Ice            0%         1d2       100%        3
 Inner Flame              Hex/Fire       0%         N/A       100%        3
 Lesser Beckoning         Tloc           0%         N/A       100%        3
 Ozocubu's Armour         Ice            0%         N/A       100%        3
 Vampiric Draining        Necr           0%         2d6       100%        3
 Anguish                  Hex/Necr       0%         N/A       100%        4
 Flame Wave               Conj/Fire      0%         2d4       100%        4
 Fulminant Prism          Conj/Hex       0%         3d6       100%        4
 Hailstorm                Conj/Ice       0%         3d3       100%        4
 Ice Form                 Ice/Tmut       0%         N/A       100%        4
 Iskenderun's Mystic Bla  Conj/Tloc      0%         2d3       100%        4
 Summon Ice Beast         Ice/Summ       0%         N/A       100%        4
 Agony                    Necr           0%         N/A       100%        5
 Lee's Rapid Deconstruct  Erth           0%         3d5*      100%        5
 Manifold Assault         Tloc           0%         N/A       100%        5
 Summon Forest            Summ/Tloc      0%         N/A       100%        5
 Conjure Ball Lightning   Conj/Air       0%         3x3d6     100%        6
 Eringya's Noxious Bog    Tmut/Pois      0%         N/A       100%        6
 Simulacrum               Ice/Necr       0%         N/A       100%        6
 Ozocubu's Refrigeration  Ice            0%         4d5       100%        7
 Summon Hydra             Summ           0%         N/A       100%        7
 Discord                  Hex            0%         N/A       100%        8
 Disjunction              Tloc           0%         N/A       100%        8
 Ignition                 Fire           0%         3d3       100%        8


Dungeon Overview and Level Annotations

Branches:
Dungeon (15/15)            Temple (0/1) D:7            Lair (6/6) D:8
  Swamp (0/4) Lair:4        Snake (1/4) Lair:4        Slime (1/5) Lair:5
 Vaults (0/5) D:14         Depths (1/4) D:15
    Orc: D:9-12

Altars:
Ashenzari
Elyvilon
Gozag
Makhleb
Qazlal
Uskayaw
Wu Jian
Beogh

Shops:
D:6 *   D:7 **=   D:8 (

Annotations:
D:7 3 runed translucent doors, dracfodder's ghost, novice GrBe
D:8 1 runed translucent door
D:14 Vault


Innate Abilities, Weirdness & Mutations

You have a pair of large horns on your head.
You reflexively headbutt those who attack you in melee.
You possess an exceptional clarity of mind.
You passively map a small area around you.


Message History

The deep troll shaman bites you!
The deep troll shaman completely misses you.
You block the deep troll shaman's attack.
There are monsters nearby!
You bludgeon the deep troll shaman!! You freeze the deep troll shaman!
You kill the deep troll shaman!
Qazlal accepts your kill.
An iron troll is nearby!
You enter the shallow water.
Moving in this stuff is going to be slow.
The iron troll bites you!!!
You feel more protected from physical attacks.
The iron troll completely misses you. The iron troll misses you.
An iron troll is nearby!
You pound the iron troll like an anvil!!!
You freeze the iron troll. You headbutt the iron troll!
The iron troll is heavily wounded.
The iron troll bites you!!
You feel more protected from physical attacks.
The iron troll completely misses you. The iron troll claws you!
An iron troll is nearby!
You are too injured to fight recklessly!
An iron troll is nearby!
You are too injured to fight recklessly!
An iron troll is nearby!
You are too injured to fight recklessly!
You are too injured to fight recklessly!
An iron troll is nearby!
An iron troll is nearby!
You are too injured to fight recklessly!
You are too injured to fight recklessly!
You are too injured to fight recklessly!
You are too injured to fight recklessly!
Your unstable footing causes you to fumble your attack.
Your unstable footing causes you to fumble your attack.
The iron troll bites you!!!
* * * LOW HITPOINT WARNING * * *
You feel more protected from physical attacks.
The iron troll claws you!!
You die...

,≈≈≈≈≈....## , ,
#####≈≈...# , ,
≈ ##≈≈..# , ,
,,*##≈.### **, ,
#≈...# ≈ ,
##≈...# .≈≈
##≈*##≈≈...# *
..≈≈#T###°≈....#
....§≈@°≈§....##
*
......§.......#
,
......§☼°..####
###.######## #.*
# *


You could see an iron troll (strong).

Vanquished Creatures
  Rupert (Lair:5)
  Jorgrun (D:14)
  A tengu reaver (D:14)
  A frost giant (D:14)
  A fire giant (D:14)
  2 stone giants
  A bunyip (shapeshifter) (Depths:1)
  3 boulder beetles
  6 hydras
  2 catoblepae
  5 centaur warriors
  An ogre mage (D:9)
  5 two-headed ogres
  Urug (D:11)
  A deep troll shaman (Depths:1)
  13 death yaks
  A shock serpent (Lair:4)
  2 tengu warriors (D:15)
  A skeletal warrior (D:11)
  2 bog bodies (Lair:4)
  A goliath frog (Lair:6)
  A sea snake (Snake:1)
  A flayed ghost (Depths:1)
  Pikel (D:7)
  3 necromancers
  A deep elf pyromancer (D:15)
  7 ugly things
  A mana viper (shapeshifter) (D:15)
  A mana viper (Lair:4)
  2 manticores (D:11)
  4 cyclopes
  A salamander (Snake:1)
  9 elephants
  6 black mambas
  A gargoyle (D:11)
  A naga mage (Lair:4)
  21 cane toads
  An unseen horror (shapeshifter) (D:14)
  7 kobold demonologists
  An unseen horror (D:11)
  19 komodo dragons
  An efreet (D:11)
  A hornet (D:10)
  A polar bear (Lair:3)
  9 trolls
  2 burning bushes (Lair:3)
  2 tyrant leeches (Lair:6)
  19 blink frogs
  A raiju (shapeshifter) (D:11)
  6 dream sheep (Lair:3)
  13 slime creatures
  A centaur simulacrum (D:14)
  2 wraiths
  24 yaks
  3 water elementals
  2 shadows
  6 wyverns
  2 basilisks
  14 vampire mosquitoes
  Edmund (D:5)
  3 nagas (Lair:4)
  An acid dragon (D:9)
  9 wargs (D:9)
  Duvessa (D:6)
  11 water moccasins
  7 orc warriors
  A meliai simulacrum (D:11)
  2 ice beasts
  A sky beast (D:7)
  2 elephant zombies (Lair:4)
  2 black bears
  An ogre (D:6)
  6 wolves
  4 boggarts (D:15)
  15 centaurs
  A phantom (D:5)
  2 lemures (D:7)
  11 kobold brigands
  21 bullfrogs
  5 gnoll sergeants
  8 scorpions
  5 wights (D:8)
  Dowan (D:6)
  16 killer bees
  9 electric eels
  11 howler monkeys
  2 lava snakes (D:10)
  A basilisk zombie (Lair:4)
  6 hounds
  8 orc priests
  A wyvern simulacrum (D:9)
  6 jellies
  6 gnoll shamans
  5 iguanas
  Terence (D:2)
  6 orc wizards
  4 hell rats (Lair:4)
  13 gnolls
  6 adders
  2 shadow imps (D:6)
  2 white imps (D:9)
  3 ufetubi
  2 worms
  A dart slug (D:2)
  23 orcs
  10 endoplasms
  7 giant cockroaches
  10 goblins
  4 hobgoblins
  6 jackals
  26 kobolds
  4 quokkas
  6 ball pythons
  4 bats
  4 frilled lizards (D:1)
  7 rats (D:1)
  4 butterflies (D:8)
597 creatures vanquished.

Vanquished Creatures (others)
  31 fungi
  56 plants
87 creatures vanquished.

Grand Total: 684 creatures vanquished

Notes
Turn   | Place    | Note
-------+----------+-------------------------------------------
     0 | D:1      | NobodyCares the Minotaur Gladiator began the quest for the
                  | Orb.
     0 | D:1      | Reached XP level 1. HP: 18/18 MP: 0/0
   151 | D:1      | Reached XP level 2. HP: 24/25 MP: 1/1
   471 | D:1      | Reached XP level 3. HP: 30/30 MP: 2/2
   562 | D:1      | Found a faded altar of an unknown god.
   759 | D:2      | Noticed a black bear
   767 | D:2      | Killed a black bear
   768 | D:2      | Reached skill level 5 in Axes
   768 | D:2      | Reached skill level 1 in Armour
   768 | D:2      | Reached XP level 4. HP: 26/38 MP: 3/3
   965 | D:2      | Noticed Terence
   978 | D:2      | Killed Terence
   979 | D:2      | Reached XP level 5. HP: 26/45 MP: 4/4
  1893 | D:3      | Found a stormy altar of Qazlal.
  1894 | D:3      | Identified the +2 trident "Hietidatt" {protect, rElec rCorr
                  | Stlth+}
  1940 | D:3      | Became a worshipper of Qazlal Stormbringer
  2192 | D:3      | Reached XP level 6. HP: 49/51 MP: 5/5
  2756 | D:4      | Reached skill level 1 in Polearms
  3268 | D:4      | Reached * piety under Qazlal
  3567 | D:5      | Entered Level 5 of the Dungeon
  3675 | D:5      | Reached XP level 7. HP: 51/59 MP: 6/6
  4262 | D:5      | Found a white marble altar of Elyvilon.
  4325 | D:5      | Noticed Edmund
  4355 | D:5      | Killed Edmund
  4356 | D:5      | Reached skill level 5 in Polearms
  4714 | D:6      | Reached skill level 1 in Maces & Flails
  4894 | D:6      | Noticed Duvessa
  4894 | D:6      | Noticed Dowan
  4901 | D:6      | Killed Duvessa
  4902 | D:6      | Reached skill level 2 in Maces & Flails
  4902 | D:6      | Reached XP level 8. HP: 55/66 MP: 7/7
  4908 | D:6      | Reached skill level 5 in Fighting
  4918 | D:6      | Killed Dowan
  4918 | D:6      | Reached ** piety under Qazlal
  4919 | D:6      | Reached skill level 3 in Maces & Flails
  5257 | D:6      | Reached skill level 4 in Maces & Flails
  5464 | D:6      | Reached skill level 5 in Maces & Flails
  5870 | D:6      | Gained mutation: You have a pair of large horns on your
                  | head. [potion of mutation]
  5870 | D:6      | Gained mutation: You passively map a small area around you.
                  | [potion of mutation]
  5870 | D:6      | Gained mutation: You possess an exceptional clarity of
                  | mind. [potion of mutation]
  6150 | D:6      | Reached skill level 6 in Maces & Flails
  6152 | D:6      | Reached skill level 1 in Shields
  6159 | D:6      | Reached skill level 7 in Maces & Flails
  6159 | D:6      | Reached skill level 5 in Armour
  6159 | D:6      | Reached skill level 1 in Stealth
  6338 | D:6      | Found Ciruegiv's Assorted Antiques.
  6514 | D:7      | Noticed Pikel
  6538 | D:7      | Killed Pikel
  6539 | D:7      | Reached skill level 8 in Maces & Flails
  6539 | D:7      | Reached XP level 9. HP: 50/75 MP: 8/8
  6732 | D:7      | Found Domer's General Store.
  6779 | D:7      | Found a runed translucent gate.
  6780 | D:7      | Found a runed translucent gate.
  6780 | D:7      | Noticed dracfodder's ghost (novice GrBe)
  6781 | D:7      | Found a runed translucent gate.
  6869 | D:7      | Found a staircase to the Ecumenical Temple.
  6928 | D:7      | Found Faf Bunu's General Store.
  6933 | D:7      | Reached skill level 9 in Maces & Flails
  6933 | D:7      | Reached skill level 5 in Dodging
  7097 | D:7      | Reached *** piety under Qazlal
  7099 | D:7      | Found a burning altar of Makhleb.
  7326 | D:7      | Found Hafem's Jewellery Boutique.
  7632 | D:8      | Found an opulent altar of Gozag.
  7709 | D:8      | Found a staircase to the Lair.
  7710 | D:8      | Noticed a komodo dragon
  7725 | D:8      | Killed a komodo dragon
  7726 | D:8      | Reached skill level 10 in Maces & Flails
  7774 | D:8      | Found Seyweuso's Firing Range.
  7909 | D:8      | Found a runed translucent door.
  7911 | D:8      | Found a runed translucent door.
  8032 | D:8      | Reached XP level 10. HP: 84/84 MP: 9/9
  8044 | D:8      | Reached skill level 11 in Maces & Flails
  8418 | Lair:1   | Entered Level 1 of the Lair of Beasts
  8468 | Lair:1   | Noticed a five-headed hydra
  8480 | Lair:1   | Reached skill level 12 in Maces & Flails
  8480 | Lair:1   | Killed a five-headed hydra
  8544 | Lair:1   | Reached skill level 13 in Maces & Flails
  8592 | Lair:1   | Reached **** piety under Qazlal
  8809 | Lair:1   | Reached XP level 11. HP: 87/93 MP: 10/10
  9612 | Lair:2   | Noticed a six-headed hydra
  9621 | Lair:2   | Killed a six-headed hydra
  9721 | Lair:2   | Noticed a four-headed hydra
  9727 | Lair:2   | Killed a four-headed hydra
  9823 | Lair:2   | Noticed a catoblepas
  9839 | Lair:2   | Killed a catoblepas
 10491 | Lair:3   | Reached skill level 5 in Shields
 10496 | Lair:3   | Reached skill level 10 in Fighting
 10535 | Lair:3   | Reached XP level 12. HP: 91/108 MP: 11/11
 10588 | Lair:3   | Got Ahorphax's Reference Book on Igneous Stolen Souls
 11258 | Lair:3   | Upgraded the game from 0.29-a0-266-gf56f883ddd to
                  | 0.29-a0-270-g1586fc07ea
 11318 | Lair:4   | Reached ***** piety under Qazlal
 11405 | Lair:4   | Noticed a five-headed hydra
 11414 | Lair:4   | Killed a five-headed hydra
 11418 | Lair:4   | Reached skill level 14 in Maces & Flails
 11639 | Lair:4   | Found a staircase to the Snake Pit.
 11729 | Lair:4   | Noticed a boulder beetle
 11752 | Lair:4   | Killed a boulder beetle
 11866 | Lair:4   | Found a staircase to the Swamp.
 12490 | Lair:5   | Noticed a catoblepas
 12496 | Lair:5   | Reached skill level 15 in Maces & Flails
 12505 | Lair:5   | Killed a catoblepas
 12597 | Lair:5   | Noticed Rupert
 12618 | Lair:5   | Killed Rupert
 12619 | Lair:5   | Reached XP level 13. HP: 84/118 MP: 12/12
 12759 | Lair:5   | Reached skill level 10 in Armour
 12907 | Lair:5   | Reached skill level 16 in Maces & Flails
 13029 | Lair:5   | Found a staircase to the Slime Pits.
 13452 | Slime:1  | Entered Level 1 of the Pits of Slime
 13507 | Lair:5   | Reached skill level 10 in Dodging
 13640 | Snake:1  | Entered Level 1 of the Snake Pit
 14116 | Lair:6   | Entered Level 6 of the Lair of Beasts
 14203 | Lair:6   | Reached skill level 17 in Maces & Flails
 14296 | Lair:6   | Reached XP level 14. HP: 128/129 MP: 13/13
 14298 | Lair:6   | Reached ****** piety under Qazlal
 14465 | Lair:6   | Reached skill level 1 in Evocations
 16091 | D:9      | Found a broken altar of Ashenzari.
 16961 | D:9      | Upgraded the game from 0.29-a0-270-g1586fc07ea to
                  | 0.29-a0-271-gd4eb659eea
 17476 | D:10     | Entered Level 10 of the Dungeon
 17506 | D:10     | Reached skill level 18 in Maces & Flails
 17902 | D:10     | Found an ornate altar of the Wu Jian Council.
 18159 | D:10     | Found a hide-covered altar of Uskayaw.
 18656 | D:11     | Reached skill level 10 in Shields
 18687 | D:11     | Noticed Urug
 18884 | D:11     | Killed Urug
 19221 | D:11     | You fall into a shaft and drop 3 floors!
 19241 | D:14     | Noticed a tengu reaver
 19243 | D:14     | Noticed a fire giant
 19246 | D:14     | Noticed a stone giant
 19248 | D:14     | Noticed a frost giant
 19255 | D:14     | Killed a tengu reaver
 19262 | D:14     | Killed a fire giant
 19267 | D:14     | Reached XP level 15. HP: 111/139 MP: 14/14
 19319 | D:14     | Killed a frost giant
 19324 | D:14     | Reached skill level 15 in Fighting
 19349 | D:14     | Reached skill level 19 in Maces & Flails
 19387 | D:14     | Identified the +1 scale mail "Teupas" {*Slow Regen+ rCorr
                  | Str+2}
 20288 | D:14     | Found a gate to the Vaults.
 20336 | D:14     | Noticed Jorgrun
 20351 | D:14     | Killed Jorgrun
 20741 | D:15     | Entered Level 15 of the Dungeon
 21529 | D:15     | Found a staircase to the Depths.
 21539 | Depths:1 | Entered Level 1 of the Depths
 21963 | Depths:1 | Mangled by an iron troll

Illustrated notes

Levels and vault maps discovered:
D:1:      dpeg_arrival_pits, layout_basic, chequers_ecumenical_altar_grove,
          chequers_jeans
D:2:      layout_basic, kennysheep_minor_cross, st_stairs_4,
          minmay_misc_feat_four_crosses, uniq_terence
D:3:      layout_basic, mainiacjoe_overflow_paths, minmay_crystal_water
D:4:      layout_basic, st_stairs_13
D:5:      nicolae_cairo_tiling_very_big, layout_basic, elyvilon_altar_1,
          uniq_edmund
D:6:      layout_basic, serial_shops, kennysheep_little_box, uniq_duvessa
D:7:      layout_gridville, makhleb_blood_cavern_becter,
          minmay_temple_entry_large_hall, biasface_ghost_orc_armoury,
          serial_shops, nicolae_shop_statue_plus, shop, nicolae_take_the_stairs,
          nicolae_wand_duel, uniq_pikel
D:8:      lemuel_insect_pit, layout_basic,
          nicolae_gozag_cash_rules_everything_around_me, david_lair_shrubbed,
          amcnicky_mini_corridor_feature, chequers_serial_rivers_room_a,
          nicolae_shop_firing_range
D:9:      lemuel_castle_with_subvaults [lemuel_castle_interior_carwin_3],
          layout_stronghold, mainiacjoe_overflow_six_doors_small, serial_ice,
          serial_ice_k, serial_ice_b, serial_ice_d, serial_ice_e,
          roderic_roman_lattice
D:10:     layout_loops_corners, mainiacjoe_overflow_chevrons,
          nicolae_uskayaw_suspiria
D:11:     minmay_the_grid_square_5x5_3x3
          [minmay_the_grid_square_5x5_intrusive_squares,
          minmay_the_grid_square_5x5_three, minmay_the_grid_square_5x5_inset,
          minmay_the_grid_square_5x5_n,
          minmay_the_grid_square_5x5_megaprize_diamond,
          minmay_the_grid_square_5x5_sharp_hourglass,
          minmay_the_grid_square_5x5_minimal,
          minmay_the_grid_square_5x5_inner_i, minmay_the_grid_square_5x5_six],
          layout_cave_pods, serial_shops, nicolae_shop_crystal, zin_treasury,
          uniq_urug
D:14:     layout_loops_ring, david_vaults_1, minivault_14,
          minmay_diamond_spiral, uniq_jorgrun
D:15:     grunt_enter_depths_snipers, layout_loops_ring, chequers_avenue
Lair:1:   layout_loops_ring, serial_bayou_shore_b
Lair:2:   layout_layer_cave, gauntlet_entry_generic,
          chequers_serial_rivers_micro_d
Lair:3:   layout_cave_pods, evilmike_ambush [evilmike_ambush_outer_corners,
          evilmike_ambush_inner_cross], grunt_megastairs_3, lemuel_fruit_fields
Lair:4:   pond_and_an_island_with_a_cottage, layout_big_grid,
          skrybe_swamp_entry_bodies, minmay_snake_entry_guardpost_small,
          nzn_sisyphean_effort
Lair:5:   layout_gridlike, minmay_slime_entry_pillars, uniq_rupert
Lair:6:   minmay_lair_end_frog_pond, layout_regular_city, enter_volcano_4,
          serial_bayou_shore_b
Snake:1:  layout_layer_cave, serial_shops, shop, serial_bayou_pond_b
Slime:1:  layout_caves, basic_altar
Depths:1: layout_basic, chequers_serial_rivers_large_b, pf_coc_iceberg,
          grunt_decor_fettered, minmay_splitting_lines,
          kilobyte_mutagenic_chamber, serial_bayou_shore_b, firewood_loft

Skill      XL: |  1  2  3  4  5  6  7  8  9 10 11 12 13 14 15 |
---------------+----------------------------------------------+-----
Axes           | 4 5 6 |  6.7
Fighting       | 3 4 5 6 7 10 12 13 14 15 | 15.8
Armour         | 1 2 3 4 5 6 7 9 10 11 | 11.5
Dodging        | 4 5 6 8 9 10 11 12 | 12.0
Polearms       | 3 5 |  5.3
Maces & Flails | 2 8 10 13 15 17 18 19 | 19.6
Shields        | 1 2 3 6 7 8 10 11 | 11.3
Stealth        | 1 2 3 |  3.0
Evocations     | 1 |  1.3
Throwing       | |  2.1

Action                   |  1- 3 |  4- 6 |  7- 9 | 10-12 | 13-15 || total
-------------------------+-------+-------+-------+-------+-------++-------
Melee: War axe           |    49 |    48 |       |       |       ||    97
       Headbutt          |     5 |    15 |    46 |   100 |   175 ||   341
       Punch             |     1 |       |     1 |       |       ||     2
       Trident           |       |    69 |    74 |       |       ||   143
       Dire flail        |       |       |   198 |   426 |   686 ||  1310
       Great mace        |       |       |       |       |   195 ||   195
Throw: Throwing net      |       |       |       |       |     2 ||     2
Evoke: Wand              |       |       |       |       |     3 ||     3
       Phial of floods   |       |       |       |       |     2 ||     2
       Box of beasts     |       |       |       |       |     1 ||     1
  Use: Scroll            |       |     1 |     9 |     5 |    11 ||    26
       Potion            |       |       |     2 |       |    10 ||    12
Armor: Leather armour    |    13 |       |       |       |       ||    13
       Ring mail         |     9 |       |    66 |    73 |   137 ||   285
       Chain mail        |       |    23 |    22 |       |       ||    45
       Skin              |       |       |    10 |       |       ||    10
       Plate armour      |       |       |       |       |     8 ||     8
Dodge: Dodged            |    53 |    68 |   181 |   246 |   625 ||  1173
       Repelled          |       |       |       |     8 |    13 ||    21
Block: Other             |       |       |    33 |    77 |   258 ||   368

Table legend: (Time is in decaauts)
 A = Elapsed time spent in this place.
 B = Non-inter-level travel time spent in this place.
 C = Inter-level travel time spent in this place.
 D = Time resting spent in this place.
 E = Time spent auto-exploring this place.
 F = Levels seen in this place.
 G = Mean time per level.
                   A        B        C        D        E       F      G
               +--------+--------+--------+--------+--------+-----+--------+
         Total |  21568 |  18801 |   2767 |   1749 |  14115 |  22 |  980.4 |
       Dungeon |  14184 |  12546 |   1638 |   1149 |   9460 |  13 | 1091.1 |
          Lair |   6906 |   5778 |   1128 |    591 |   4282 |   6 | 1151.0 |
     Snake Pit |     18 |     18 |      0 |      0 |      0 |   1 |   18.0 |
    Slime Pits |     41 |     41 |      0 |      8 |      0 |   1 |   41.0 |
        Depths |    417 |    417 |      0 |      0 |    373 |   1 |  417.0 |
               +--------+--------+--------+--------+--------+-----+--------+

Top non-repeatable levels by time:
     D:6: 1858 daAuts
     D:9: 1686 daAuts
  Lair:4: 1648 daAuts
    D:14: 1506 daAuts
  Lair:6: 1320 daAuts
     D:2: 1153 daAuts
     D:4: 1086 daAuts
     D:5: 1071 daAuts
  Lair:5: 1070 daAuts
     D:8: 1029 daAuts
     D:7: 987 daAuts
    D:10: 981 daAuts
  Lair:3: 968 daAuts
  Lair:2: 954 daAuts
  Lair:1: 945 daAuts
